 Dungeon Crawl Stone Soup version 0.22-a0-283-g1871b15 (webtiles) character file.

73 Gildeon the Magician (level 3, -1/26 HPs)
             Began as a Demigod Conjurer on Mar 19, 2018.
             Slain by a gnoll (2 damage)
             ... on level 2 of the Dungeon.
             The game lasted 00:14:24 (1450 turns).

Gildeon the Magician (Demigod Conjurer)             Turns: 1450, Time: 00:14:24

Health: -1/26      AC:  2    Str: 16    XL:     3   Next: 83%
Magic:  1/11       EV: 12    Int: 21    God:
Gold:   91         SH:  0    Dex: 16    Spells: 3/9 levels left

rFire    . . .     SeeInvis .   i - +0 mace
rCold    . . .     Gourm    .   (no shield)
rNeg     + . .     Faith    .   a - +0 robe
rPois    .         Spirit   .   (no helmet)
rElec    .         Reflect  .   (no cloak)
rCorr    .         Harm     .   (no gloves)
MR       .....                  (no boots)
Stlth    ++........             (no amulet)
HPRegen  0.08/turn              h - ring of positive energy
MPRegen  0.12/turn              (no ring)

@: mighty
A: high mp 1
a: no special abilities


You were on level 2 of the Dungeon.
You were not hungry.

You visited 1 branch of the dungeon, and saw 3 of its levels.

You collected 91 gold pieces.

Inventory:

Hand Weapons
 i - a +0 mace (weapon)
Armour
 a - a +0 robe (worn)
Jewellery
 h - a ring of positive energy (left hand)
Scrolls
 f - 2 scrolls of magic mapping
 j - a scroll of fear
Potions
 d - a potion of resistance {unknown}
 e - a potion of might
 g - a potion of degeneration {unknown}
Comestibles
 b - 2 chunks of flesh
 c - 4 rations


   Skills:
 - Level 1.7 Dodging
 - Level 1.7 Stealth
 + Level 3.7 Spellcasting
 - Level 3.6 Conjurations


You had 3 spell levels left.
You knew the following spells:

 Your Spells              Type           Power        Failure   Level  Hunger
a - Magic Dart            Conj           ###.         2%          1    None
b - Searing Ray           Conj           ###...       4%          2    ##.....
c - Dazzling Spray        Conj/Hex       ##....       19%         3    ###....


Dungeon Overview and Level Annotations

Branches:
Dungeon (3/15)


Innate Abilities, Weirdness & Mutations

You have an increased reservoir of magic. (+10% MP)


Message History

The gnoll is moderately wounded.
The gnoll hits you.
You closely miss the gnoll.
The gnoll is moderately wounded.
The gnoll hits you! The gnoll barely misses you.
You closely miss the gnoll.
The gnoll is moderately wounded.
The gnoll barely misses you.
You closely miss the gnoll.
The gnoll is moderately wounded.
The gnoll hits you.
* * * LOW HITPOINT WARNING * * *
You barely miss the gnoll.
The gnoll is moderately wounded.
The gnoll closely misses you. The gnoll hits you.
* * * LOW HITPOINT WARNING * * *
It was a potion of might.
You feel very mighty all of a sudden. The gnoll hits you.
You die...

###################
#.@g†..............
#.#######.......... #.#
*######.≈.≈. ##.#
*#≈≈≈≈≈≈≈≈≈≈≈ #..#
*≈≈≈≈≈≈≈≈≈≈≈≈ #..#
*####≈≈≈≈≈≈≈≈ ##..# ####..≈.≈P
##########>..########..≈≈..≈≈.
#.......##....................


You could see a gnoll.

Vanquished Creatures
  2 gnolls (D:2)
  A dart slug (D:1)
  2 leopard geckos (D:2)
  2 ball pythons (D:1)
  3 giant cockroaches (D:1)
  9 goblins
  4 hobgoblins (D:1)
  4 jackals (D:1)
  5 kobolds
  9 bats
  4 frilled lizards
  2 rats (D:1)
47 creatures vanquished.

Vanquished Creatures (others)
  3 plants (D:2)
3 creatures vanquished.

Grand Total: 50 creatures vanquished

Notes
Turn   | Place    | Note
-------+----------+-------------------------------------------
     0 | D:1      | Gildeon the Demigod Conjurer began the quest for the Orb.
     0 | D:1      | Reached XP level 1. HP: 14/14 MP: 5/5
   366 | D:1      | Reached XP level 2. HP: 20/20 MP: 2/8
   519 | D:1      | Learned a level 2 spell: Searing Ray
   825 | D:1      | Reached XP level 3. HP: 21/26 MP: 0/10
   935 | D:1      | Learned a level 3 spell: Dazzling Spray
  1176 | D:2      | Found a white marble altar of Elyvilon.
  1449 | D:2      | HP: 1/26 [gnoll (6)]
  1450 | D:2      | Slain by a gnoll

Vault maps used:
D:1:      tarquinn_simple_flora_water_d
D:2:      minivault_25, dk_noncrumbling_4, chequers_big_river, elyvilon_altar_5,
          uniq_robin, uniq_sigmund
D:3:      led_sif_pool, cheibriados_altar_1, ashenzari_altar_1, first_ration,
          fedhas_altar_3, uniq_terence, uniq_ijyb

Skill      XL: |  1  2 |
---------------+-------+-----
Spellcasting   | 2 3 |  3.7
Dodging        | |  1.7
Stealth        | |  1.7
Conjurations   | |  3.6

Action                   || total
-------------------------++-------
Melee: Club              ||     8
       Unarmed           ||     1
       Mace              ||    10
 Cast: Magic Dart        ||    88
       Searing Ray       ||     2
  Use: Scroll            ||     7
       Potion            ||     1
  Eat: Chunk             ||     2
Armor: Robe              ||     4
Dodge: Dodged            ||    32

Table legend:
 A = Spawn XP
 B = Non-spawn XP
 C = Spawn XP percentage of total XP
 D = Spawn monster count
 E = Non-spawn monster count
 F = Spawn count percentage of total count
 G = Total turns spent on level
                    A         B        C        D         E        F      G
               +---------+---------+-------+---------+---------+-------+---------
         Total |       0 |     105 |   0.0 |       0 |      47 |   0.0 |  1450
               +---------+---------+-------+---------+---------+-------+---------
           D:1 |       0 |      62 |   0.0 |       0 |      36 |   0.0 |  1128
           D:2 |       0 |      43 |   0.0 |       0 |      11 |   0.0 |   314
               +---------+---------+-------+---------+---------+-------+---------
